 Dungeon Crawl Stone Soup version 0.19.4-8-ga85b6b9 (webtiles) character file.

73 Naksu the Skirmisher (level 4, 0/41 HPs)
             Began as a Hill Orc Fighter on Feb 10, 2017.
             Killed from afar by an orc wizard (6 damage)
             ... with a magic dart
             ... on level 3 of the Dungeon.
             The game lasted 00:05:29 (1517 turns).

Naksu the Skirmisher (Hill Orc Fighter)             Turns: 1517, Time: 00:05:30

Health: 0/41       AC:  7    Str: 18    XL:     4   Next: 27%
Magic:  4/4        EV: 12    Int: 13    God:
Gold:   105        SH:  9    Dex: 16    Spells: 0 memorised, 3 levels left

rFire  . . .     SeeInvis .     d - +0 dagger (drain)
rCold  . . .     Gourm    .     b - +0 scale mail
rNeg   . . .     Faith    .     c - +0 shield
rPois  .         Spirit   .     (no helmet)
rElec  .         Reflect  .     (no cloak)
rCorr  .         Harm     .     (no gloves)
MR     .....                    (no boots)
Stlth  +.........               (no amulet)
                                (no ring)
                                (no ring)

@: brilliant, agile
A: no striking features
a: no special abilities


You were on level 3 of the Dungeon.
You were not hungry.

You visited 1 branch of the dungeon, and saw 3 of its levels.

You collected 105 gold pieces.

Inventory:

Hand Weapons
 a - a +0 long sword
 d - a +0 dagger of draining (weapon)
Armour
 b - a +0 scale mail (worn)
 c - a +0 shield (worn)
 o - a +0 buckler
Jewellery
 j - a cursed -3 ring of dexterity
 m - an uncursed amulet of guardian spirit {unknown}
Scrolls
 g - a scroll of random uselessness {unknown}
 k - a scroll of enchant armour {unknown}
 l - a scroll of remove curse
Potions
 e - a potion of beneficial mutation {unknown}
 i - a potion of cure mutation {unknown}
Comestibles
 f - a bread ration
 p - a meat ration


   Skills:
 + Level 4.3 Fighting
 + Level 0.2(1.6) Short Blades
 + Level 2.9(3.0) Long Blades
 + Level 3.8 Armour
 + Level 0.4 Dodging
 + Level 3.8 Shields


You had 3 spell levels left.
You didn't know any spells.

Dungeon Overview and Level Annotations

Branches:
Dungeon (3/15)

Altars:


Message History

It was a potion of brilliance.
You feel clever all of a sudden.
An orc wizard appears from thin air!
Reactivating autopickup.
The orc wizard casts a spell at you. You block the puff of flame.
It was a potion of agility.
You feel agile all of a sudden.
The orc wizard hits you but does no damage.
You block the orc wizard's attack.
You hit the orc wizard. You drain the orc wizard!
The orc wizard is heavily wounded.
The orc wizard gestures at you while chanting.
The magic dart hits you!
* * * LOW HITPOINT WARNING * * *
You hit the orc wizard.
The orc wizard is severely wounded.
The orc wizard casts a spell at you. The magic dart hits you!
You die...

#.###....<..##
#.[...........
#####.......##
#####...####
#####..........# .
..##.>...####.# ...
#.##..##.# #.#
##..#####o##..##.# #..
#.....@oSo....##.# ##..
.....#####o##.###.###...
### ##.##.# #.. ..o.
##..####(..#o# ## ...
.........#...# #..
########...#<########..
#########.##...o.......
..........##....o.....#
#######################


You could see an orc wizard, an adder and 3 orcs.

Vanquished Creatures
  An adder (D:2)
  2 oozes (D:1)
  2 worms (D:2)
  A leopard gecko (D:1)
  A ball python (D:2)
  8 bats
  A giant cockroach (D:1)
  6 goblins
  5 hobgoblins
  3 jackals (D:2)
  3 frilled lizards
  6 kobolds
  7 rats
46 creatures vanquished.

Notes
Turn   | Place    | Note
-------+----------+-------------------------------------------
     0 | D:1      | Naksu the Hill Orc Fighter began the quest for the Orb.
     0 | D:1      | Reached XP level 1. HP: 19/19 MP: 1/1
    83 | D:1      | Reached XP level 2. HP: 16/27 MP: 2/2
   159 | D:1      | Reached skill level 4 in Fighting
   463 | D:1      | Reached XP level 3. HP: 33/33 MP: 3/3
   878 | D:2      | Reached XP level 4. HP: 24/41 MP: 4/4
  1517 | D:3      | Killed from afar by an orc wizard

Skill      XL: |  1  2 |
---------------+-------+-----
Fighting       | 4 |  4.3
Short Blades   | |  0.2
Long Blades    | |  2.9
Armour         | |  3.8
Dodging        | |  0.4
Shields        | |  3.8

Action                   |  1- 3 |  4- 6 || total
-------------------------+-------+-------++-------
Melee: Long sword        |   115 |       ||   115
       Dagger            |    13 |    57 ||    70
  Use: Potion            |     3 |     2 ||     5
       Scroll            |     3 |       ||     3
  Eat: Chunk             |       |     2 ||     2
Armor: Scale mail        |    78 |    44 ||   122
Dodge: Dodged            |    65 |    24 ||    89
Block: Shield            |    81 |    25 ||   106
       Rpst.: Long sword |    16 |       ||    16
